 Dungeon Crawl Stone Soup version 0.30-a0-451-ge042605de7 (webtiles) character file.

Game seed: 13372666829963316324

63 cforsyth the Trooper (level 3, -7/33 HPs)
             Began as a Minotaur Berserker on Dec 12, 2022.
             Was a Believer of Trog.
             Mangled by a worm (10 damage)
             ... on level 2 of the Dungeon.
             The game lasted 00:01:41 (1246 turns).

cforsyth the Trooper (Minotaur Berserker)           Turns: 1246, Time: 00:01:42

Health: -7/33      AC:  2    Str: 23    XL:     3   Next: 87%
Magic:  2/2        EV: 12    Int:  4    God:    Trog [**....]
Gold:   19         SH:  0    Dex:  9    Spells: 2/2 levels left

rFire   . . .      SeeInvis .    a - +0 hand axe
rCold   . . .      Faith    .    (no shield)
rNeg    . . .      Spirit   .    b - +0 animal skin
rPois   .          Reflect  .    (helmet restricted)
rElec   .          Harm     .    (no cloak)
rCorr   .          Rampage  .    (no gloves)
Will    .....                    (no boots)
Stlth   +.........               (no amulet)
HPRegen 0.25/turn                (no ring)
MPRegen 0.08/turn                (no ring)

@: no status effects
A: horns 2, retaliatory headbutt
a: Renounce Religion, Berserk, Trog's Hand


You were on level 2 of the Dungeon.
You worshipped Trog.
Trog was pleased with you.
You visited 1 branch of the dungeon, and saw 2 of its levels.

You collected 19 gold pieces.

Inventory:

Hand Weapons
 a - a +0 hand axe (weapon)
Armour
 b - a +0 animal skin (worn)
Scrolls
 c - 2 scrolls of teleportation {unknown}
 d - a scroll of enchant armour {unknown}
 e - a scroll of fog {unknown}
 g - a scroll of identify {unknown}
 h - 2 scrolls of noise {unknown}
Potions
 f - a potion of curing {unknown}


   Skills:
 + Level 4.3 Fighting
 + Level 4.2 Axes
 + Level 3.3 Armour
 + Level 3.0 Dodging


You had 2 spell levels left.
You didn't know any spells.
Your spell library was empty.

Dungeon Overview and Level Annotations

Branches:
Dungeon (2/15)

Altars:

Shops:
D:1 ?


Innate Abilities, Weirdness & Mutations

You have a pair of horns on your head.
You reflexively headbutt those who attack you in melee.


Message History

The gnoll barely misses you.
You hit the worm. Your headbutt misses the worm.
The worm is moderately wounded.
You hit the endoplasm.
The gnoll hits you from afar with a +0 halberd!
The endoplasm freezes you.
You are frozen.
The worm bites you.
You are too injured to fight recklessly!
You are too injured to fight recklessly!
You are too injured to fight recklessly!
You are too injured to fight recklessly!
You are too injured to fight recklessly!
You are too injured to fight recklessly!
You are too injured to fight recklessly!
You are too injured to fight recklessly!
Unknown command.
You barely miss the endoplasm. You headbutt the endoplasm.
You kill the endoplasm!
Trog accepts your kill.
You hit the worm. You closely miss the goblin. The gnoll closely misses you.
The goblin hits you but does no damage. The worm bites you but does no damage.
Unknown command.
Unknown command.
You barely miss the worm. You headbutt the worm.
The worm is moderately wounded.
You barely miss the goblin.
The gnoll hits you from afar with a +0 halberd!
A rat comes into view.
A hobgoblin comes into view.
The goblin barely misses you.
Unknown command.
Unknown command.
You barely miss the worm.
The hobgoblin shouts!
You headbutt the worm!
The worm is severely wounded.
You closely miss the goblin.
The gnoll hits you from afar with a +0 halberd!
* * * LOW HITPOINT WARNING * * *
The goblin hits you but does no damage. The worm bites you!
You die...

#.......)...###..#
#..##.######...#.#
#..##.# ##.##.#
......# #.##.#
#...#.# #.##.#
#.#.#.# #.##.#
#.#.#.# #....#
#.#.#.# ###..#
#.#.#.## #.@#
........#
#....glw..r..#
#........
#.###...g....#
...#.....
#.#.###...
......... #.#.# .#
........# #....
......... ......
.....##.. .. ..#
....##


You could see a worm, a gnoll, a goblin, a frilled lizard and a rat.

Vanquished Creatures
  An adder (D:2)
  2 gnolls (D:2)
  2 dart slugs
  A worm (D:2)
  A bat (D:1)
  3 endoplasms (D:2)
  A giant cockroach (D:2)
  5 goblins (D:1)
  2 jackals (D:2)
  A quokka (D:1)
  4 ball pythons (D:1)
  4 frilled lizards (D:1)
  2 kobolds (D:1)
  2 rats (D:1)
31 creatures vanquished.

Vanquished Creatures (others)
  9 plants (D:1)
9 creatures vanquished.

Grand Total: 40 creatures vanquished

Notes
Turn   | Place    | Note
-------+----------+-------------------------------------------
     0 | D:1      | cforsyth the Minotaur Berserker began the quest for the
                  | Orb.
     0 | D:1      | Reached XP level 1. HP: 19/19 MP: 0/0
   188 | D:1      | Found a faded altar of an unknown god.
   427 | D:1      | Reached XP level 2. HP: 24/27 MP: 1/1
   569 | D:1      | Found Tovifaiq's Magic Scroll Shoppe.
   943 | D:2      | Reached ** piety under Trog
   980 | D:2      | Reached XP level 3. HP: 33/33 MP: 2/2
  1246 | D:2      | Mangled by a worm

Illustrated notes

Levels and vault maps discovered:
D:1:      evilmike_arrival_home_sweet_home, layout_basic,
          dreamdust_ecumenical_altar_hidden_monk_grotto, serial_shops, shop,
          serial_bayou, serial_bayou_lagoon_a, serial_bayou_pond_c,
          serial_bayou_crossing, serial_bayou_pond_c
D:2:      layout_loops_ring, corexii_corridor_pit

Skill      XL: |  1  2  3 |
---------------+----------+-----
Fighting       | 4 |  4.3
Axes           | 4 |  4.2
Armour         | 3 |  3.3
Dodging        | 3 |  3.0

Action                   || total
-------------------------++-------
Melee: Hand axe          ||    64
       Headbutt          ||    17
       Punch             ||     1
 Stab: Sleeping          ||     2
Armor: Animal skin       ||    13
Dodge: Dodged            ||    39

Table legend: (Time is in decaauts)
 A = Elapsed time spent in this place.
 B = Non-inter-level travel time spent in this place.
 C = Inter-level travel time spent in this place.
 D = Time resting spent in this place.
 E = Time spent auto-exploring this place.
 F = Levels seen in this place.
 G = Mean time per level.
                   A        B        C        D        E       F      G
               +--------+--------+--------+--------+--------+-----+--------+
         Total |   1287 |   1254 |     33 |      0 |   1078 |   2 |  643.5 |
       Dungeon |   1287 |   1254 |     33 |      0 |   1078 |   2 |  643.5 |
               +--------+--------+--------+--------+--------+-----+--------+

Top non-repeatable levels by time:
     D:1: 975 daAuts
     D:2: 312 daAuts
